 Dungeon Crawl Stone Soup version 0.21.0-37-g46506fa5f3 (webtiles) character file.

56 DildoBatman the Sneak (level 4, 0/35 HPs)
             Began as a Formicid Enchanter on Jan 31, 2018.
             Succumbed to an adder's poison
             ... on level 2 of the Dungeon.
             The game lasted 00:05:26 (2076 turns).

DildoBatman the Sneak (Formicid Enchanter)          Turns: 2076, Time: 00:05:26

Health: 0/35       AC:  5    Str: 19    XL:     4   Next: 17%
Magic:  5/7        EV: 16    Int: 14    God:
Gold:   67         SH:  0    Dex: 16    Spells: 3/7 levels left

rFire    . . .     SeeInvis +   j - -3 mace (curse)
rCold    . . .     Gourm    .   (no shield)
rNeg     . . .     Faith    .   k - +0 ring mail
rPois    .         Spirit   .   (helmet unavailable)
rElec    .         Reflect  .   (no cloak)
rCorr    .         Harm     .   (no gloves)
MR       .....                  (no boots)
Stlth    +++.......             (no amulet)
HPRegen  0.11/turn              m - ring of teleportation (curse)
MPRegen  0.10/turn              (no ring)

@: mighty, agile, lethally poisoned (0 -> -2)
A: permanent stasis, dig shafts and tunnels, four strong arms, antennae 3
a: Dig, Shaft Self


You were on level 2 of the Dungeon.
You were not hungry.

You visited 1 branch of the dungeon, and saw 2 of its levels.

You collected 67 gold pieces.

Inventory:

Hand Weapons
 a - a +1 dagger
 b - a +0 spear
 g - a +0 short sword
 j - a cursed -3 mace (weapon)
 l - a +0 dagger of venom
Armour
 d - a +0 large shield
 i - a +0 buckler
 k - a +0 ring mail (worn)
Jewellery
 m - a cursed ring of teleportation (left hand)
Scrolls
 e - 5 scrolls of teleportation
 h - a scroll of immolation
Books
 c - a book of Maledictions

   Spells                             Type                      Level
   a - Corona                         Hexes                        1
   b - Ensorcelled Hibernation        Hexes/Ice                    2
   c - Confuse                        Hexes                        3
   d - Tukima's Dance                 Hexes                        3
   e - Dazzling Spray                 Conjuration/Hexes            3
Comestibles
 v - 3 rations


   Skills:
 - Level 3.0 Fighting
 - Level 1.0 Short Blades
 * Level 0.6 Armour
 - Level 2.0 Dodging
 * Level 3.9 Stealth
 * Level 1.0 Shields
 - Level 2.1 Spellcasting
 - Level 3.6 Hexes


You had 3 spell levels left.
You knew the following spells:

 Your Spells              Type           Power        Failure   Level  Hunger
a - Corona                Hex            ##.....      9%          1    #......
b - Confuse               Hex            ##......     26%         3    ###....


Dungeon Overview and Level Annotations

Branches:
Dungeon (2/15)

Altars:

Annotations:
D:2 exclusions: adder and 1 more exclusion


Innate Abilities, Weirdness & Mutations

You cannot be hasted, slowed, berserked, paralysed or teleported.
You can dig through walls and to a lower floor.
Your four strong arms can wield two-handed weapons with a shield.
You have a pair of large antennae on your head. (SInv)


Message History

The adder bites you. The adder bites you but does no damage.
It was a potion of might.
You feel very mighty all of a sudden. The adder closely misses you.
It was a potion of agility.
You feel agile all of a sudden. The adder bites you.
The adder completely misses you.
You sock the adder!
You kill the adder!
Training target 2.0 for Dodging reached!
Your Dodging skill increases to level 2!
Your Shields skill increases to level 1!
You have reached level 4!
You feel stronger.
You feel sick.
You feel sick.
You feel sick.
You die...

#.# ##+## #.# .# #.#
.# #.# .## #.# ..##
#.# ### ...#
#.########.## ..#
#...........##.###..#
##########...@†......
############


There were no monsters in sight!

Vanquished Creatures
  An adder (D:2)
  An ooze (D:2)
  4 giant cockroaches
  4 hobgoblins (D:1)
  8 jackals (D:1)
  4 bats
  3 frilled lizards (D:1)
  6 goblins
  6 kobolds
  2 rats (D:2)
39 creatures vanquished.

Notes
Turn   | Place    | Note
-------+----------+-------------------------------------------
     0 | D:1      | DildoBatman the Formicid Enchanter began the quest for the Orb.
     0 | D:1      | Reached XP level 1. HP: 13/13 MP: 3/3
   133 | D:1      | Reached skill level 1 in Fighting
   145 | D:1      | Reached XP level 2. HP: 7/22 MP: 1/5
   603 | D:1      | Reached XP level 3. HP: 23/28 MP: 3/6
  1564 | D:2      | Learned a level 3 spell: Confuse
  2065 | D:2      | Reached skill level 1 in Shields
  2065 | D:2      | Reached XP level 4. HP: 3/35 MP: 4/7
  2068 | D:2      | HP: 1/35 [poisoned by an adder]
  2076 | D:2      | Succumbed to an adder's poison

Skill      XL: |  1  2  3 |
---------------+----------+-----
Fighting       | 1 2 3 |  3.0
Dodging        | 2 |  2.0
Shields        | 1 |  1.0
Short Blades   | |  1.0
Armour         | |  0.6
Stealth        | |  3.9
Spellcasting   | |  2.1
Hexes          | |  3.6

Action                   |  1- 3 |  4- 6 || total
-------------------------+-------+-------++-------
Melee: Dagger            |    78 |       ||    78
       Spear             |     8 |       ||     8
       Mace              |    95 |       ||    95
 Cast: Corona            |    34 |       ||    34
       Confuse           |     1 |       ||     1
 Abil: Dig               |     2 |       ||     2
  Use: Scroll            |     4 |       ||     4
       Potion            |     2 |       ||     2
 Stab: Sleeping          |     2 |       ||     2
  Eat: Chunk             |     3 |       ||     3
       Ration            |     1 |       ||     1
Armor: Robe              |     5 |       ||     5
       Leather armour    |     9 |       ||     9
       Ring mail         |    61 |       ||    61
Dodge: Dodged            |   153 |       ||   153
